General information
- name: BNet
- type: Ladder team game (AT/RT)
- host: Battle.net
- saver: angrywindz
map: Battleground
- players: 8
- length: 34:58
- speed: Fast
- version: 1.28 W3XP
- replay type: Public
» download(319 KB)
Players
team 1 (winner)

»
xA-iZamatish4 (
purple | 139 APM | 3211 actions | 23:09)
4 Mountain King
2 Storm Bolt
2 Bash
2 Paladin
1 Holy Light
1 Divine Shield
» actions
| Assign group hotkey | 13 | |
| Basic commands | 33 | |
| Build / train | 65 | |
| ESC pressed | 7 | |
| Enter build submenu | 34 | |
| Enter hero's abilities submenu | 6 | |
| Give item / drop item | 2 | |
| Remove unit from queue | 2 | |
| Right click | 1417 | |
| Select / deselect | 245 | |
| Select group hotkey | 1238 | |
| Use ability | 149 | |
3211 total
» units
| Peasant | 21 | |
| Rifleman | 10 | |
| Gryphon Rider | 3 | |
| Priest | 2 | |
36 total
» upgrades
| Gunpowder | 1 | |
| Long Rifles | 1 | |
| Lumber Harvesting | 1 | |
| Masonry | 1 | |
| Priest Training | 2 | |
6 total
» buildings
| Altar of Kings | 2 | |
| Farm | 10 | |
| Blacksmith | 1 | |
| Barracks | 1 | |
| Arcane Vault | 1 | |
| Keep | 1 | |
| Lumber Mill | 1 | |
| Town Hall | 3 | |
| Scout Tower | 5 | |
| Guard Tower | 2 | |
| Castle | 1 | |
| Arcane Tower | 1 | |
| Arcane Sanctum | 1 | |
| Gryphon Aviary | 2 | |
32 total
» build order
00:01 Altar of Kings
00:05 Altar of Kings
00:21 Farm
01:00 Blacksmith
01:19 Barracks
01:30 Farm
02:07 Farm
02:18 Arcane Vault
03:09 Farm
04:07 Keep
04:31 Lumber Mill
05:20 Farm
06:41 Town Hall
06:43 Scout Tower
06:44 Scout Tower
06:46 Scout Tower
06:51 Scout Tower
07:17 Guard Tower
07:20 Guard Tower
08:35 Scout Tower
08:50 Farm
09:13 Castle
09:41 Arcane Tower
09:51 Arcane Sanctum
10:38 Farm
10:39 Farm
11:54 Gryphon Aviary
11:57 Gryphon Aviary
14:51 Farm
14:52 Farm
16:14 Town Hall
16:56 Town Hall
» items
| Scroll of Regeneration | 2 | |
| Boots of Speed | 1 | |
| Lesser Clarity Potion | 1 | |
| Potion of Healing | 1 | |
| Staff of Sanctuary | 1 | |
| Orb of Fire | 1 | |
7 total
sfxx (
orange | 91 APM | 3146 actions | 34:42)
5 Death Knight
3 Death Coil
2 Unholy Aura
4 Lich
2 Frost Nova
2 Dark Ritual
» actions
| Assign group hotkey | 34 | |
| Basic commands | 26 | |
| Build / train | 51 | |
| ESC pressed | 8 | |
| Enter build submenu | 22 | |
| Enter hero's abilities submenu | 10 | |
| Give item / drop item | 2 | |
| Right click | 1830 | |
| Select / deselect | 368 | |
| Select group hotkey | 673 | |
| Use ability | 122 | |
3146 total
» units
| Acolyte | 7 | |
| Ghoul | 3 | |
| Crypt Fiend | 9 | |
| Obsidian Statue | 2 | |
| Frost Wyrm | 5 | |
26 total
» upgrades
| Creature Attack | 2 | |
| Burrow | 1 | |
| Web | 1 | |
| Creature Carapace | 1 | |
| Freezing Breath | 1 | |
6 total
» buildings
| Graveyard | 1 | |
| Crypt | 1 | |
| Altar of Darkness | 1 | |
| Ziggurat | 8 | |
| Tomb of Relics | 2 | |
| Nerubian Tower | 2 | |
| Halls of the Dead | 1 | |
| Slaughterhouse | 1 | |
| Black Citadel | 1 | |
| Sacrificial Pit | 1 | |
| Boneyard | 2 | |
| Spirit Tower | 1 | |
22 total
» build order
00:06 Graveyard
00:08 Crypt
00:41 Altar of Darkness
00:56 Ziggurat
01:35 Tomb of Relics
01:58 Ziggurat
02:30 Nerubian Tower
02:30 Nerubian Tower
04:01 Halls of the Dead
04:20 Ziggurat
05:30 Ziggurat
06:51 Slaughterhouse
07:29 Tomb of Relics
08:15 Black Citadel
09:00 Ziggurat
09:37 Sacrificial Pit
11:05 Boneyard
11:06 Boneyard
11:51 Ziggurat
13:01 Ziggurat
13:05 Spirit Tower
16:34 Ziggurat
» items
| Rod of Necromancy | 1 | |
| Scroll of Town Portal | 1 | |
2 total
angrywindz (
green | 95 APM | 3322 actions | 34:58)
3 Archmage
2 Summon Water Elemental
1 Brilliance Aura
2 Mountain King
1 Storm Bolt
1 Bash
1 Goblin Tinker
1 Engineering Upgrade
» actions
| Assign group hotkey | 74 | |
| Basic commands | 535 | |
| Build / train | 118 | |
| ESC pressed | 4 | |
| Enter build submenu | 44 | |
| Enter hero's abilities submenu | 6 | |
| Give item / drop item | 5 | |
| Remove unit from queue | 1 | |
| Right click | 774 | |
| Select / deselect | 389 | |
| Select group hotkey | 1228 | |
| Use ability | 144 | |
3322 total
» units
| Peasant | 12 | |
| Footman | 4 | |
| Rifleman | 5 | |
| Gryphon Rider | 7 | |
| Dragonhawk Rider | 6 | |
34 total
» upgrades
| Gunpowder | 2 | |
| Armor | 3 | |
| Masonry | 3 | |
| Long Rifles | 1 | |
| Lumber Harvesting | 1 | |
| Swords | 3 | |
| Animal War Training | 1 | |
| Cloud | 1 | |
| Storm Hammers | 1 | |
16 total
» buildings
| Farm | 11 | |
| Barracks | 1 | |
| Altar of Kings | 1 | |
| Blacksmith | 1 | |
| Arcane Vault | 2 | |
| Lumber Mill | 1 | |
| Keep | 2 | |
| Town Hall | 1 | |
| Scout Tower | 22 | |
| Guard Tower | 15 | |
| Castle | 3 | |
| Arcane Tower | 3 | |
| Gryphon Aviary | 2 | |
65 total
» build order
01:09 Farm
01:15 Barracks
01:18 Altar of Kings
01:20 Farm
01:23 Farm
02:06 Blacksmith
02:57 Farm
03:04 Farm
03:08 Arcane Vault
03:11 Lumber Mill
05:06 Keep
05:06 Keep
07:01 Farm
07:04 Farm
08:21 Town Hall
08:22 Scout Tower
08:23 Scout Tower
08:25 Scout Tower
08:31 Scout Tower
08:47 Scout Tower
08:48 Scout Tower
08:49 Scout Tower
08:53 Guard Tower
08:53 Guard Tower
09:28 Guard Tower
09:41 Guard Tower
10:23 Guard Tower
10:26 Castle
10:26 Castle
10:26 Castle
10:31 Scout Tower
10:32 Scout Tower
10:33 Scout Tower
10:59 Scout Tower
10:59 Scout Tower
11:03 Scout Tower
11:09 Arcane Vault
11:16 Guard Tower
11:16 Guard Tower
11:32 Arcane Tower
11:32 Arcane Tower
11:32 Arcane Tower
12:20 Gryphon Aviary
12:41 Gryphon Aviary
13:32 Farm
14:48 Farm
14:49 Farm
15:11 Scout Tower
15:13 Scout Tower
15:16 Scout Tower
15:18 Scout Tower
15:48 Guard Tower
15:50 Guard Tower
15:50 Guard Tower
16:25 Farm
16:27 Guard Tower
16:27 Guard Tower
26:14 Scout Tower
26:16 Scout Tower
26:17 Scout Tower
26:18 Scout Tower
26:19 Scout Tower
27:45 Guard Tower
» items
| Periapt of Vitality | 3 | |
| Scroll of Regeneration | 3 | |
| Boots of Speed | 2 | |
| Mechanical Critter | 3 | |
| Orb of Fire | 1 | |
| Staff of Sanctuary | 1 | |
| Potion of Healing | 1 | |
| Staff of Teleportation | 3 | |
| Potion of Lesser Invulnerability | 1 | |
18 total
toothdecay (
blue | 95 APM | 2301 actions | 24:19)
5 Blademaster
3 Wind Walk
2 Critical Strike
4 Shadow Hunter
2 Hex
2 Healing Wave
2 Tauren Chieftain
1 Endurance Aura
1 War Stomp
» actions
| Assign group hotkey | 19 | |
| Basic commands | 18 | |
| Build / train | 73 | |
| Enter build submenu | 21 | |
| Enter hero's abilities submenu | 11 | |
| Give item / drop item | 7 | |
| Remove unit from queue | 2 | |
| Right click | 937 | |
| Select / deselect | 246 | |
| Select group hotkey | 882 | |
| Use ability | 85 | |
2301 total
» units
| Peon | 15 | |
| Wind Rider | 7 | |
| Troll Batrider | 5 | |
| Shaman | 2 | |
29 total
» upgrades
| Shaman Training | 2 | |
| Ensnare | 1 | |
| Pillage | 1 | |
| Reinforced Defenses | 1 | |
| Envenomed Spears | 1 | |
| Ranged Weapons | 2 | |
| Armor | 1 | |
| Liquid Fire | 1 | |
10 total
» buildings
| Altar of Storms | 1 | |
| Orc Burrow | 8 | |
| Voodoo Lounge | 1 | |
| Stronghold | 1 | |
| Beastiary | 2 | |
| Fortress | 1 | |
| Spirit Lodge | 1 | |
| War Mill | 1 | |
| Watch Tower | 5 | |
| Great Hall | 2 | |
23 total
» build order
00:09 Altar of Storms
00:16 Orc Burrow
00:52 Voodoo Lounge
02:20 Stronghold
02:26 Orc Burrow
04:44 Beastiary
04:45 Beastiary
04:48 Orc Burrow
05:55 Orc Burrow
06:31 Orc Burrow
06:57 Fortress
07:27 Spirit Lodge
07:30 War Mill
12:19 Orc Burrow
13:12 Orc Burrow
15:48 Watch Tower
16:16 Watch Tower
18:31 Great Hall
18:32 Watch Tower
19:19 Orc Burrow
19:38 Watch Tower
20:48 Watch Tower
20:50 Great Hall
» items
| Healing Salve | 3 | |
| Lesser Clarity Potion | 4 | |
| Boots of Speed | 1 | |
| Staff of Teleportation | 1 | |
| Orb of Lightning | 1 | |
| Scroll of Speed | 2 | |
| Scroll of Town Portal | 2 | |
14 total
team 2 (loser)
watwatinthebutt (
red | 118 APM | 1378 actions | 11:40)
3 Archmage
2 Summon Water Elemental
1 Brilliance Aura
» actions
| Assign group hotkey | 112 | |
| Basic commands | 86 | |
| Build / train | 50 | |
| Enter build submenu | 22 | |
| Enter hero's abilities submenu | 3 | |
| Give item / drop item | 4 | |
| Right click | 524 | |
| Select / deselect | 210 | |
| Select group hotkey | 298 | |
| Use ability | 69 | |
1378 total
» units
| Wisp | 2 | |
| Peasant | 10 | |
| Footman | 8 | |
| Priest | 6 | |
26 total
» upgrades
| Defend | 1 | |
| Lumber Harvesting | 1 | |
| Priest Training | 1 | |
3 total
» buildings
| Farm | 8 | |
| Altar of Kings | 1 | |
| Barracks | 1 | |
| Arcane Vault | 1 | |
| Keep | 1 | |
| Scout Tower | 2 | |
| Arcane Tower | 1 | |
| Lumber Mill | 1 | |
| Arcane Sanctum | 2 | |
| Hunter's Hall | 1 | |
| Guard Tower | 1 | |
20 total
» build order
00:07 Farm
00:24 Altar of Kings
00:32 Barracks
02:13 Farm
03:05 Farm
03:06 Farm
03:19 Arcane Vault
03:50 Keep
03:51 Scout Tower
04:20 Arcane Tower
04:23 Lumber Mill
05:00 Farm
05:01 Farm
06:08 Farm
06:08 Farm
06:46 Arcane Sanctum
06:46 Arcane Sanctum
08:45 Hunter's Hall
09:54 Scout Tower
10:29 Guard Tower
» items
| Boots of Speed | 1 | |
| Scroll of Regeneration | 4 | |
| Lesser Clarity Potion | 2 | |
| Scroll of Town Portal | 1 | |
| Potion of Healing | 2 | |
| Ivory Tower | 1 | |
11 total

»
Runhearn (
yellow | 0 APM | 0 actions | 00:01)
america-go (
teal | 50 APM | 1720 actions | 34:43)
4 Blademaster
2 Wind Walk
2 Critical Strike
1 Shadow Hunter
1 Hex
» actions
| Assign group hotkey | 25 | |
| Basic commands | 8 | |
| Build / train | 82 | |
| Enter build submenu | 45 | |
| Enter hero's abilities submenu | 5 | |
| Remove unit from queue | 1 | |
| Right click | 840 | |
| Select / deselect | 249 | |
| Select group hotkey | 335 | |
| Use ability | 130 | |
1720 total
» units
| Peon | 14 | |
| Wisp | 10 | |
| Archer | 6 | |
| Hippogryph | 5 | |
| Raider | 9 | |
44 total
» upgrades
| Hippogryph Taming | 1 | |
| Reinforced Defenses | 1 | |
| Druid of the Talon Training | 1 | |
| Ensnare | 1 | |
| Pillage | 1 | |
5 total
» buildings
| Orc Burrow | 6 | |
| Moon Well | 4 | |
| Altar of Elders | 1 | |
| Altar of Storms | 1 | |
| War Mill | 1 | |
| Ancient of War | 1 | |
| Watch Tower | 36 | |
| Voodoo Lounge | 1 | |
| Tree of Ages | 2 | |
| Stronghold | 1 | |
| Fortress | 2 | |
| Ancient of Wind | 2 | |
| Beastiary | 2 | |
60 total
» build order
00:13 Orc Burrow
00:33 Moon Well
00:35 Altar of Elders
00:44 Altar of Storms
00:53 War Mill
01:04 Ancient of War
01:51 Orc Burrow
02:04 Moon Well
02:10 Watch Tower
02:16 Watch Tower
02:28 Voodoo Lounge
02:45 Tree of Ages
02:45 Tree of Ages
02:59 Watch Tower
03:37 Stronghold
03:52 Watch Tower
04:10 Watch Tower
06:36 Watch Tower
06:37 Watch Tower
06:40 Fortress
06:41 Fortress
06:46 Watch Tower
06:59 Ancient of Wind
07:00 Ancient of Wind
07:04 Moon Well
07:05 Moon Well
07:30 Orc Burrow
10:00 Watch Tower
10:00 Watch Tower
10:01 Watch Tower
10:02 Watch Tower
10:02 Watch Tower
10:07 Watch Tower
10:07 Watch Tower
10:08 Watch Tower
10:09 Watch Tower
11:46 Watch Tower
11:46 Watch Tower
11:46 Watch Tower
11:47 Watch Tower
11:59 Watch Tower
12:02 Watch Tower
12:24 Watch Tower
12:51 Watch Tower
12:57 Watch Tower
13:33 Watch Tower
13:37 Watch Tower
13:42 Watch Tower
14:07 Watch Tower
14:28 Watch Tower
15:04 Watch Tower
15:57 Watch Tower
15:57 Watch Tower
16:49 Watch Tower
16:51 Watch Tower
17:48 Beastiary
18:35 Beastiary
19:57 Orc Burrow
21:28 Orc Burrow
23:34 Orc Burrow
» items
| Lesser Clarity Potion | 3 | |
| Healing Salve | 1 | |
| Potion of Mana | 1 | |
| Orb of Lightning | 1 | |
| Staff of Teleportation | 1 | |
| Scroll of Town Portal | 3 | |
| Potion of Invisibility | 1 | |
11 total
Unto_Dogs (
pink | 38 APM | 1314 actions | 34:42)
5 Archmage
3 Summon Water Elemental
2 Brilliance Aura
1 Demon Hunter
1 Mana Burn
» actions
| Assign group hotkey | 28 | |
| Basic commands | 18 | |
| Build / train | 66 | |
| Enter build submenu | 34 | |
| Enter hero's abilities submenu | 6 | |
| Give item / drop item | 3 | |
| Right click | 546 | |
| Select / deselect | 367 | |
| Select group hotkey | 140 | |
| Use ability | 106 | |
1314 total
» units
| Peasant | 12 | |
| Footman | 5 | |
| Dragonhawk Rider | 6 | |
| Gryphon Rider | 6 | |
29 total
» upgrades
| Lumber Harvesting | 1 | |
| Masonry | 2 | |
| Swords | 3 | |
| Armor | 3 | |
| Animal War Training | 1 | |
| Cloud | 1 | |
11 total
» buildings
| Altar of Kings | 1 | |
| Barracks | 2 | |
| Farm | 10 | |
| Scout Tower | 14 | |
| Arcane Tower | 1 | |
| Keep | 1 | |
| Lumber Mill | 1 | |
| Arcane Vault | 1 | |
| Gryphon Aviary | 3 | |
| Castle | 1 | |
| Blacksmith | 2 | |
| Guard Tower | 5 | |
42 total
» build order
00:50 Altar of Kings
00:51 Barracks
00:55 Farm
00:56 Farm
01:04 Farm
01:41 Farm
02:33 Scout Tower
03:21 Arcane Tower
03:42 Keep
04:56 Lumber Mill
05:16 Arcane Vault
06:35 Gryphon Aviary
06:36 Gryphon Aviary
06:52 Gryphon Aviary
06:56 Farm
06:57 Farm
06:57 Farm
07:03 Castle
08:23 Blacksmith
08:26 Blacksmith
11:51 Scout Tower
11:52 Scout Tower
11:52 Scout Tower
11:54 Farm
11:56 Farm
11:57 Farm
12:20 Guard Tower
13:26 Scout Tower
13:26 Scout Tower
13:26 Scout Tower
13:27 Scout Tower
13:31 Barracks
14:02 Guard Tower
14:04 Guard Tower
15:18 Scout Tower
15:19 Scout Tower
16:25 Guard Tower
16:28 Scout Tower
16:28 Scout Tower
16:30 Scout Tower
16:31 Scout Tower
17:12 Guard Tower
» items
| Scroll of Regeneration | 4 | |
| Lesser Clarity Potion | 1 | |
| Mechanical Critter | 2 | |
| Potion of Healing | 1 | |
| Scroll of Town Portal | 2 | |
| Staff of Sanctuary | 1 | |
11 total
Chat log
(00:43 / All) xA-iZamatish4: glhf
(02:51 / Allies) toothdecay: teching hard
(03:04 / Allies) sfxx: cuz he left
(08:00 / All) xA-iZamatish4: hacks lol
(08:14 / Allies) xA-iZamatish4: green if you take that
(08:18 / Allies) xA-iZamatish4: i'll never be your friend
(08:19 / Allies) angrywindz: Not fair you get both item and expo
(08:28 / Allies) xA-iZamatish4: you coudl have crept your own
(08:37 / Allies) angrywindz: you couldn't have cuz you didn't have enough to creep it though
(08:44 / Allies) xA-iZamatish4: lol
(08:46 / Allies) xA-iZamatish4: i know what i'm doing
(08:52 / Allies) angrywindz: im not sure about that
(10:14 / All) xA-iZamatish4: lol pink mh
(11:36 / Allies) toothdecay: orange come
(11:55 / Allies) angrywindz: lumber plz
(12:01 / Allies) xA-iZamatish4: fuck you lol
(12:07 / Allies) sfxx: ill web the air
(12:12 / Allies) sfxx: come
(12:15 / Allies) angrywindz: aight if you don't want to win I'm cool with it purp
(12:21 / Allies) xA-iZamatish4: you're dumb
(12:26 / Allies) angrywindz: you're selfish
(12:29 / Allies) angrywindz: this is a team game son
(12:33 / Allies) angrywindz: go with the flow, it's not all about you
(12:38 / Allies) sfxx: walking
(12:44 / Allies) sfxx: meet
(13:25 / Allies) angrywindz: share lumber fellas
(13:27 / Allies) angrywindz: and I can mass
(13:31 / Allies) sfxx: i have none
(13:34 / Allies) angrywindz: ty blue
(13:37 / Allies) toothdecay: base
(13:38 / Allies) angrywindz: good ally unlike purp
(13:42 / Allies) xA-iZamatish4: you're an idiot
(13:45 / Allies) xA-iZamatish4: talking shit to a pro 4s player
(13:52 / All) angrywindz: purple says he's a pro 4s player
(13:55 / All) angrywindz: you believe this fool?
(13:57 / All) angrywindz: I don't
(14:05 / Allies) xA-iZamatish4: you're an idiot lol
(14:12 / All) angrywindz: 4s pro in 2018 LOL
(14:17 / All) angrywindz: purple wins the special olympics boys
(17:46 / Allies) toothdecay: ty
(18:30 / All) america-go: damn
(18:31 / All) xA-iZamatish4: lol green bsing
(18:35 / All) xA-iZamatish4: let's give them the win
(18:37 / All) toothdecay: ...
(18:41 / All) xA-iZamatish4: what an idiot
(18:41 / All) angrywindz: Purp is pro but he can't handle a simple tk
(18:45 / All) toothdecay: rofl
(18:52 / All) angrywindz: He's a grubby of our age
(18:53 / All) america-go: holy shit ur entire team is hacking
(18:54 / All) xA-iZamatish4: what's funny is, i was pro, and he's butt hurt bc
(18:57 / All) angrywindz: gracing us with his presence in 4v4 RT
(19:00 / All) Unto_Dogs: well I'm alt tabbing
(19:03 / All) angrywindz: I believe you purple
(19:10 / All) xA-iZamatish4: see ya
(20:15 / All) america-go: ur entire team is hacking it hink
(20:24 / All) xA-iZamatish4: i said that like 30 min ago
(20:30 / All) angrywindz: Purp is "alt tabbing"
(20:33 / All) xA-iZamatish4: give them the win
(21:49 / Allies) toothdecay: ?
(21:51 / Allies) toothdecay: why tk?
(21:52 / All) xA-iZamatish4: pink where's your army
(21:55 / Allies) sfxx: green wants to lose
(21:55 / Allies) sfxx: w/e
(21:56 / Allies) sfxx: lol
(21:56 / All) xA-iZamatish4: kill my dk
(21:57 / All) angrywindz: Purp gets the loss
(22:06 / All) xA-iZamatish4: dude, you care about wins in 2018?
(22:14 / All) angrywindz: not really that's why I just tk
(22:21 / Allies) toothdecay: so tk him then
(22:25 / Allies) toothdecay: dont fucking tk us
(22:37 / Allies) toothdecay: youre so lame bro
(22:38 / Allies) sfxx: hes mad
(22:39 / Allies) sfxx: LOL
(22:41 / Allies) xA-iZamatish4: he's mad
(22:55 / All) america-go: leave try hards
(23:00 / All) angrywindz: need triple staff
(23:15 / Allies) toothdecay: see he left
(23:16 / All) america-go: leave nubsssssss
(23:18 / All) america-go: out oj
(23:56 / Allies) toothdecay: fucking noobs
(23:59 / Allies) angrywindz: out
(24:03 / Allies) sfxx: lol
(24:05 / Allies) toothdecay: trash ass tker
(24:10 / Allies) sfxx: you guys are insane
(24:19 / Allies) toothdecay: ill see you around kids
(24:43 / Allies) sfxx: o_O
(25:07 / All) angrywindz: blue whispered me
(25:13 / All) angrywindz: says he has replays of owning me
(25:16 / All) angrywindz: but I'm on a 0-0 account
(25:17 / All) sfxx: LOL
(25:20 / All) sfxx: what a retard
(25:23 / All) angrywindz: yeah lol
(25:24 / All) america-go: oj= hacker
(25:27 / All) sfxx: o_O how
(25:37 / All) america-go: well blu emaybe, not u
(25:46 / All) angrywindz: he thinks I'm angrywinds lol
(25:48 / All) sfxx: i didnt even do anything all game
(25:49 / All) sfxx: lol
(25:59 / All) angrywindz: but I just jacked his name
(26:14 / Allies) sfxx: yo just lemme fight teal
(26:15 / Allies) sfxx: chill
(26:27 / All) angrywindz: You gotta lose, it's the stabber way
(34:10 / All) Unto_Dogs: what is the hold up
(34:23 / All) angrywindz: last 3 buildings
(34:26 / All) angrywindz: takes a while to kill them all
(34:29 / All) angrywindz: and I had to chase heroes